 Dungeon Crawl Stone Soup version 0.29.0-4-gdea44cf6ec (webtiles) character file.

Game seed: 14456121711781347823

84 qw the Chopper (level 4, -2/26 HPs)
             Began as a Tengu Warper on Aug 28, 2022.
             Slain by a black bear (3 damage)
             ... on level 2 of the Dungeon.
             The game lasted 00:00:08 (1861 turns).

qw the Chopper (Tengu Warper)                       Turns: 1861, Time: 00:00:09

Health: -2/26      AC:  8    Str: 13    XL:     4   Next: 45%
Magic:  8/8        EV:  6    Int: 13    God:
Gold:   72         SH:  0    Dex: 14    Spells: 7/7 levels left

rFire   . . .      SeeInvis .   Y - +0 hand axe
rCold   . . .      Faith    .   (no shield)
rNeg    . . .      Spirit   .   f - +0 chain mail
rPois   .          Reflect  .   (helmet restricted)
rElec   .          Harm     .   (no cloak)
rCorr   .          Rampage  .   (no gloves)
Will    .....                   (boots unavailable)
Stlth   ..........              (no amulet)
HPRegen 0.08/turn               (no ring)
MPRegen 0.11/turn               (no ring)

@: about to teleport
A: beak, talons 3
a: no special abilities


You were on level 2 of the Dungeon.
You visited 1 branch of the dungeon, and saw 2 of its levels.

You collected 72 gold pieces.


Innate Abilities, Weirdness & Mutations

You have a beak for a mouth.
You have claws for feet.


   Skills:
 - Level 2.0 Fighting
 + Level 5.0 Axes
 - Level 1.0 Throwing
 - Level 1.1 Armour
 - Level 2.1 Dodging
 - Level 2.0 Spellcasting
 - Level 2.4 Translocations


You had 7 spell levels left.
You didn't know any spells.
Your spell library contained the following spells:

 Spells                   Type           Power      Damage    Failure   Level
 Blink                    Tloc           14%        N/A       99%         2
 Gell's Gravitas          Tloc           7%         N/A       100%        3
 Lesser Beckoning         Tloc           7%         N/A       100%        3
 Teleport Other           Tloc           7%         N/A       100%        3
 Manifold Assault         Tloc           7%         N/A       100%        5

Inventory:

Hand Weapons
 g - a +0 club
 Y - a +0 hand axe (weapon)
Armour
 f - a +0 chain mail (worn)
Jewellery
 j - a ring of fire
Scrolls
 a - 2 scrolls of butterflies {unknown}
 e - 2 scrolls of enchant armour {unknown}
 i - a scroll of teleportation
Potions
 b - 2 potions of heal wounds {unknown}
 c - a potion of mutation {unknown}
 d - a potion of ambrosia {unknown}
 h - a potion of brilliance {unknown}
 k - a potion of magic {unknown}

Dungeon Overview and Level Annotations

Branches:
Dungeon (2/15)

Altars:


Message History

You open the door.
A black bear comes into view.
Found 13 gold pieces.
You hit the black bear.
The black bear is lightly wounded.
The black bear bites you but does no damage.
The black bear claws you.
The black bear claws you but does no damage.
You hit the black bear. You claw the black bear.
You peck the black bear, but do no damage.
The black bear is moderately wounded.
The black bear closely misses you.
The black bear claws you but does no damage.
The black bear barely misses you.
You closely miss the black bear. You peck the black bear.
The black bear is heavily wounded.
The black bear bites you!
The black bear claws you but does no damage. x2
You hit the black bear but do no damage.
The black bear is heavily wounded.
The black bear bites you but does no damage.
The black bear claws you. x2
You hit the black bear but do no damage.
The black bear is moderately wounded.
The black bear closely misses you.
The black bear claws you but does no damage. x2
You hit the black bear. You claw the black bear.
The black bear is severely wounded.
The black bear bites you but does no damage.
The black bear claws you but does no damage. x2
You slash the black bear! You claw the black bear.
The black bear is almost dead.
The black bear goes berserk!
The black bear bites you!
The black bear claws you but does no damage.
The black bear claws you.
1861 ||| READING 2 scrolls of teleportation.
As you read the scroll of teleportation, it crumbles to dust.
You feel strangely unstable. The black bear bites you.
The black bear claws you.
You die...

#.##.# # ##..
#.##.#####.... ##...
#............. #....
########)#######.. ##...
#.... ##'#....... #....
#.... #....####### #####
#.....#....#.....# #
#.....#....#+###.# ##
+.....h@.........######.
#.....#..............##.
#.$.. #..............##.
#... #....#.........##.
### #..............##.
#..............###
#......######### #
#......######### #
#......##......###


You could see a black bear (berserk).

Vanquished Creatures
  Jessica (D:2)
  2 adders (D:2)
  A worm (D:2)
  A dart slug (D:1)
  3 endoplasms
  A giant cockroach (D:1)
  3 goblins
  6 hobgoblins
  2 kobolds (D:2)
  A quokka (D:2)
  3 ball pythons
  5 bats
  3 frilled lizards
  2 rats (D:1)
34 creatures vanquished.

Notes
Turn   | Place    | Note
-------+----------+-------------------------------------------
     0 | D:1      | qw the Tengu Warper began the quest for the Orb.
     0 | D:1      | Reached XP level 1. HP: 12/12 MP: 4/4
     0 | D:1      | 0 ||| qw: Version: 0.1-a-89-g26bdef1
     0 | D:1      | 0 ||| qw: Game counter: 292
     0 | D:1      | 0 ||| qw: Always use a shield: true
     0 | D:1      | 0 ||| qw: God list: Okawaru
     0 | D:1      | 0 ||| qw: Allow faded altars: false
     0 | D:1      | 0 ||| qw: Do Orc after D:15 true
     0 | D:1      | 0 ||| qw: Do second Lair branch before Depths: true
     0 | D:1      | 0 ||| qw: Lair rune preference: random
     0 | D:1      | 0 ||| qw: Plans: Normal
     0 | D:1      | 0 ||| PLANNING D:1-11
   149 | D:1      | Reached skill level 3 in Axes
   149 | D:1      | Reached XP level 2. HP: 17/17 MP: 6/6
  1020 | D:1      | 1020 ||| UPGRADING to +0 chain mail.
  1030 | D:1      | 1030 ||| DROPPING +0 leather armour.
  1031 | D:1      | 1031 ||| DROPPING ring of wizardry.
  1032 | D:1      | 1032 ||| READING scroll labelled SET KASHRAUFEHE.
  1033 | D:1      | 1033 ||| READING 2 scrolls labelled KUT YHUFE VUUS.
  1038 | D:1      | 1038 ||| READING scroll labelled FIMMUF FONEZA.
  1165 | D:1      | 1165 ||| DRINKING 2 emerald potions.
  1190 | D:1      | 1190 ||| DROPPING scroll of blinking.
  1191 | D:1      | 1191 ||| DROPPING potion of lignification.
  1225 | D:2      | Reached XP level 3. HP: 16/21 MP: 7/7
  1382 | D:2      | Reached skill level 4 in Axes
  1624 | D:2      | Found a faded altar of an unknown god.
  1637 | D:2      | Noticed Jessica
  1638 | D:2      | 1638 ||| Stepping ~*~*~tactically~*~*~ (hiding).
  1640 | D:2      | 1640 ||| Stepping ~*~*~tactically~*~*~ (hiding).
  1652 | D:2      | Reached XP level 4. HP: 24/26 MP: 8/8
  1653 | D:2      | 1653 ||| Stepping ~*~*~tactically~*~*~ (hiding).
  1660 | D:2      | Killed Jessica
  1661 | D:2      | Reached skill level 5 in Axes
  1852 | D:2      | Noticed a black bear
  1860 | D:2      | HP: 2/26 [black bear (5)]
  1861 | D:2      | 1861 ||| READING 2 scrolls of teleportation.
  1861 | D:2      | Slain by a black bear

Levels and vault maps discovered:
D:1:      shiori_arrival_oz, layout_loops_ring
D:2:      layout_basic, basic_ecumenical_altar, nicolae_figureground_sparkle,
          uniq_jessica, uniq_natasha

Skill      XL: |  1  2  3  4 |
---------------+-------------+-----
Axes           | 3 4 5 |  5.0
Fighting       | |  2.0
Throwing       | |  1.0
Armour         | |  1.1
Dodging        | |  2.1
Spellcasting   | |  2.0
Translocations | |  2.4

Action                   |  1- 3 |  4- 6 || total
-------------------------+-------+-------++-------
Melee: Hand axe          |    66 |    11 ||    77
       Kick              |    20 |     5 ||    25
       Peck              |     9 |     3 ||    12
       Punch             |     1 |       ||     1
Throw: Boomerang         |     7 |       ||     7
  Use: Scroll            |     3 |     1 ||     4
       Potion            |     1 |       ||     1
Armor: Chain mail        |    27 |    13 ||    40
Dodge: Dodged            |    18 |     6 ||    24

Table legend:
 A = Non-vault XP
 B = Vault XP
 C = Vault XP percentage of total XP
 D = Non-vault monster count
 E = Vault monster count
 F = Vault count percentage of total count
                 A         B        C        D         E       F
            +---------+---------+-------+---------+---------+-------
      Total |      81 |      39 |  32.5 |      32 |       2 |   5.9
            +---------+---------+-------+---------+---------+-------
        D:1 |      26 |       2 |   7.1 |      15 |       1 |   6.2
        D:2 |      55 |      37 |  40.2 |      17 |       1 |   5.6
            +---------+---------+-------+---------+---------+-------
